 Dungeon Crawl Stone Soup version 0.21.1-1-g345015f (webtiles) character file.

1630 RudyRod the Slasher (level 9, -11/68 HPs)
             Began as a Formicid Fighter on May 14, 2018.
             Was a Priest of Okawaru.
             Mangled by Menkaure (14 damage)
             ... on level 6 of the Dungeon.
             The game lasted 00:21:43 (5275 turns).

RudyRod the Slasher (Formicid Fighter)              Turns: 5275, Time: 00:21:43

Health: -11/68     AC:  8    Str: 20    XL:     9   Next: 18%
Magic:  9/9        EV: 10    Int: 12    God:    Okawaru [***...]
Gold:   343        SH: 10    Dex: 13    Spells: 8/8 levels left

rFire    + . .     SeeInvis +   a - +0 long sword
rCold    . . .     Gourm    .   c - +0 shield
rNeg     . . .     Faith    .   k - +1 scale mail of Kleptomania {+Inv rCorr Int+3}
rPois    +         Spirit   .   (helmet unavailable)
rElec    .         Reflect  .   (no cloak)
rCorr    +         Harm     .   (no gloves)
MR       .....                  (no boots)
Stlth    +.........             l - amulet of regeneration
HPRegen  0.61/turn              m - ring of poison resistance
MPRegen  0.11/turn              n - ring of protection from fire

@: no status effects
A: permanent stasis, dig shafts and tunnels, four strong arms, antennae 3
a: Dig, Shaft Self, Heroism, Renounce Religion, Evoke Invisibility


You were on level 6 of the Dungeon.
You worshipped Okawaru.
Okawaru was most pleased with you.
You were not hungry.

You visited 2 branches of the dungeon, and saw 7 of its levels.
You also visited: Sewer.

You collected 343 gold pieces.

Inventory:

Hand Weapons
 a - a +0 long sword (weapon)
 r - a cursed -1 short sword
Armour
 b - a +0 scale mail
 c - a +0 shield (worn)
 k - the +1 scale mail of Kleptomania (worn) {+Inv rCorr Int+3}
   (You found it on level 1 of the Dungeon)

   It affects your intelligence (+3).
   It lets you turn invisible.
   It protects you from acid and corrosion.
Jewellery
 l - an amulet of regeneration (around neck)
 m - a ring of poison resistance (left hand)
 n - a ring of protection from fire (right hand)
Wands
 j - a wand of scattershot (6)
Scrolls
 d - a scroll of immolation {unknown}
 g - a scroll of enchant armour {unknown}
 h - 5 scrolls of identify
 i - 2 scrolls of remove curse
 p - a scroll of amnesia
 q - 2 scrolls of teleportation {unknown}
 u - a scroll of magic mapping
Potions
 s - 2 potions of flight
Comestibles
 f - 10 rations


   Skills:
 + Level 5.0 Fighting
 + Level 7.3 Long Blades
 + Level 5.7 Armour
 * Level 2.9 Dodging
 * Level 3.3 Stealth
 + Level 6.4 Shields
 * Level 0.4 Invocations


You had 8 spell levels left.
You didn't know any spells.

Dungeon Overview and Level Annotations

Branches:
Dungeon (6/15)             Temple (1/1) D:4

Altars:
Cheibriados
Dithmenos
Elyvilon
Gozag
Kikubaaqudgha
Makhleb
Nemelex Xobeh
Okawaru
Qazlal
Ru
Sif Muna
Trog
Uskayaw
Vehumet
Wu Jian
Xom
Zin
The Shining One

Annotations:
D:5 Agrougrou's ghost, novice MiFi
D:6 Menkaure


Innate Abilities, Weirdness & Mutations

You cannot be hasted, slowed, berserked, paralysed or teleported.
You can dig through walls and to a lower floor.
Your four strong arms can wield two-handed weapons with a shield.
You have a pair of large antennae on your head. (SInv)


Message History

Menkaure shouts!
Found 7 poisoned needles.
There is a stone staircase leading up here.
Okay, then.
Menkaure calls on the powers of darkness!
Your body is wracked with pain!
Found a potion of curing and a metal-bound book.
Menkaure calls on the powers of darkness!
Your body is wracked with pain!
* * * LOW HITPOINT WARNING * * *
You hit Menkaure.
Menkaure is lightly damaged.
You hit Menkaure.
Menkaure is lightly damaged.
Menkaure hits you!!
* * * LOW HITPOINT WARNING * * *
You hit Menkaure but do no damage.
Menkaure is lightly damaged.
Menkaure hits you!
You die...

### #.. #.# #
#.#
#.###.########
#.M@...<.....#
#..##.#.####.#
!...........
.......##.###.#
##.##.. #.# ...
# #.. (.. #..
#....#: #.#
##.#. . .#


You could see Menkaure.

Vanquished Creatures
  A hippogriff (D:5)
  Sigmund (D:4)
  3 phantoms (D:4)
  2 ogres
  A big kobold (Sewer)
  A crimson imp (D:5)
  A gnoll shaman (D:4)
  4 hounds
  2 orc priests (D:3)
  A bullfrog skeleton (D:5)
  An iguana (D:4)
  2 orc wizards
  4 worker ants
  A hound zombie (D:5)
  13 adders
  4 gnolls (D:4)
  A howler monkey skeleton (D:4)
  4 river rats (D:3)
  An ooze (D:1)
  An adder skeleton (D:3)
  8 worms
  2 dart slugs
  3 leopard geckos
  10 orcs
  A giant cockroach (D:4)
  6 goblins
  7 hobgoblins
  12 jackals
  5 kobolds
  A ball python (D:2)
  5 bats
  4 frilled lizards
  A jackal skeleton (D:4)
  15 rats
129 creatures vanquished.

Notes
Turn   | Place    | Note
-------+----------+-------------------------------------------
     0 | D:1      | RudyRod the Formicid Fighter began the quest for the Orb.
     0 | D:1      | Reached XP level 1. HP: 18/18 MP: 1/1
   160 | D:1      | Reached XP level 2. HP: 23/24 MP: 2/2
   313 | D:1      | Got a polished scale mail
   326 | D:1      | Identified the cursed +1 scale mail of Kleptomania {+Inv rCorr Int+3} (You found it on level 1 of the Dungeon)
   624 | D:2      | Reached XP level 3. HP: 29/29 MP: 3/3
   924 | D:2      | Found a shimmering altar of Xom.
   977 | D:2      | Reached XP level 4. HP: 36/37 MP: 4/4
   994 | D:2      | Reached skill level 3 in Long Blades
  1247 | D:2      | Found a sacrificial altar of Ru.
  1467 | D:3      | Reached XP level 5. HP: 34/42 MP: 5/5
  1494 | D:3      | Reached skill level 1 in Dodging
  1562 | D:3      | Reached skill level 4 in Long Blades
  1594 | D:3      | Found a glowing drain.
  1599 | Sewer    | Entered a sewer
  1679 | Sewer    | Noticed a big kobold
  1689 | Sewer    | Killed a big kobold
  1689 | Sewer    | Reached XP level 6. HP: 48/48 MP: 6/6
  1717 | Sewer    | Found a white marble altar of Elyvilon.
  1906 | D:3      | Found an iron altar of Okawaru.
  1929 | D:3      | Became a worshipper of Warmaster Okawaru
  2027 | D:3      | Reached skill level 5 in Shields
  2307 | D:3      | Found a snail-covered altar of Cheibriados.
  2329 | D:3      | Reached XP level 7. HP: 54/54 MP: 7/7
  2882 | D:4      | Reached skill level 1 in Stealth
  2885 | D:4      | Reached skill level 5 in Long Blades
  2949 | D:4      | Found a hide-covered altar of Uskayaw.
  2951 | D:4      | Found a bloodstained altar of Trog.
  2952 | D:4      | Found a sparkling altar of Nemelex Xobeh.
  2983 | D:4      | Reached * piety under Okawaru
  3047 | D:4      | Noticed Sigmund
  3054 | D:4      | Killed Sigmund
  3054 | D:4      | Reached skill level 5 in Armour
  3054 | D:4      | Reached XP level 8. HP: 45/61 MP: 8/8
  3154 | D:4      | Found a staircase to the Ecumenical Temple.
  3168 | D:4      | Reached skill level 6 in Long Blades
  3201 | Temple   | Entered the Ecumenical Temple
  3678 | D:4      | Reached ** piety under Okawaru
  4017 | D:5      | Entered Level 5 of the Dungeon
  4100 | D:5      | Found a burning altar of Makhleb.
  4104 | D:5      | Found a glowing silver altar of Zin.
  4104 | D:5      | Noticed an angel
  4105 | D:5      | Noticed a blizzard demon
  4186 | D:5      | Found a shadowy altar of Dithmenos.
  4200 | D:5      | Noticed a hippogriff
  4212 | D:5      | Killed a hippogriff
  4395 | D:5      | Reached *** piety under Okawaru
  4395 | D:5      | Reached skill level 7 in Long Blades
  4395 | D:5      | Reached XP level 9. HP: 67/67 MP: 9/9
  4492 | D:5      | Noticed Agrougrou's ghost (novice MiFi)
  4871 | D:5      | Reached skill level 5 in Fighting
  5268 | D:6      | Noticed Menkaure
  5274 | D:6      | HP: 2/68 [Menkaure (18)]
  5275 | D:6      | Mangled by Menkaure

Skill      XL: |  1  2  3  4  5  6  7  8  9 |
---------------+----------------------------+-----
Shields        | 4 5 6 |  6.4
Long Blades    | 3 4 5 7 |  7.3
Dodging        | 1 2 |  2.9
Armour         | 4 5 |  5.7
Fighting       | 4 5 |  5.0
Stealth        | 1 2 3 |  3.3
Invocations    | |  0.4

Action                   |  1- 3 |  4- 6 |  7- 9 || total
-------------------------+-------+-------+-------++-------
Melee: Long sword        |    99 |   230 |   312 ||   641
  Use: Scroll            |     2 |     4 |     2 ||     8
       Potion            |       |     6 |     3 ||     9
 Stab: Invisible         |       |       |     1 ||     1
  Eat: Chunk             |       |     5 |     5 ||    10
       Ration            |       |       |     2 ||     2
Armor: Scale mail        |    56 |    67 |    76 ||   199
       Skin              |       |    42 |       ||    42
Dodge: Dodged            |    40 |    71 |   100 ||   211
Block: Shield            |    49 |   127 |   139 ||   315
       Rpst.: Long sword |    11 |    23 |    30 ||    64
